Unix NetHack Version 5.0.0-0 post-release - last build May 10 2026 23:12:36 (d1fa5d53e341ca933230fdaa984d921c805b60aa,branch:main).

Game began 2026-05-15 00:20:33, ended 2026-05-15 00:30:33.

Kwijibo4686, neutral female human Valkyrie

                                                                     --.....
                                                             -.-#-----%...^..
                                                             ..<.[)..*`*.....|
                                                             ..--------   ...|
                                                                         ...--
                                                                         ..--
                                                                         ..|
                                                                         .r--
                                                                         ..@|
                                                                         ----

Kwijibo4686 the Skirmisher  St:18 Dx:12 Co:16 In:8 Wi:9 Ch:12  Neutral
Dlvl:4  $:45 HP:0(42) Pw:9(10) AC:6  Xp:4 T:1032 

Latest messages:
 The giant bat starts to attack you, but pulls back.
 You finish your prayer.
 You feel that Odin is well-pleased.
 You feel much better.
 You miss the giant bat.
 The dwarf swings his pick-axe.
 The dwarf hits!
 You kill the gnome!
 You hear crashing rock.
 The dwarf swings his pick-axe.
 The dwarf hits!
 You hit the dwarf!
 The dwarf swings his pick-axe.
 The dwarf hits!
 The giant bat misses!
 You kill the dwarf!
 The giant bat bites!
 The giant bat bites!
 There are several objects here.
 You kill the giant bat!
 The giant ant bites!
 You kill the giant ant!
 h - a pair of iron shoes.
 i - a pick-axe.
 j - a balsa wand.
 You see here a giant bat corpse.
 What do you want to write with? [- abj or ?*] -
 You write in the dust with your fingertip.
 What do you want to write in the dust here? dfsdf
 What do you want to write with? [- abj or ?*] ?
 The engraving on the floor vanishes!
 You write in the dust with a balsa wand.
 What do you want to write in the dust here? 
 The balsa wand glows, then fades.
 What do you want to call? [egj or ?*] ?
 Call a balsa wand: v1
 You feel your magical energy drain away!
 The giant ant bites!
 You hit the giant ant.
 The giant ant bites!
 The giant ant bites!
 You kill the giant ant!
 You miss the rabid rat.
 The rabid rat bites!
 You miss the rabid rat.
 The rabid rat misses!
 You hit the rabid rat!
 The rabid rat bites!
 You die...
 Do you want your possessions identified? [ynq] (y) q

Inventory:
 Coins    ('$')
  $ - 45 gold pieces
 Weapons  (')')
  b - a +0 dagger (alternate weapon; not wielded)
  a - a blessed +1 spear (weapon in right hand)
 Armor    ('[')
  h - an uncursed +0 pair of iron shoes
  c - an uncursed +3 small shield (being worn)
 Comestibles  ('%')
  d - 2 uncursed food rations
  f - 2 uncursed lichen corpses
 Potions  ('!')
  g - an uncursed potion of oil
 Wands    ('/')
  j - a blessed wand of teleportation (0:4)
 Tools    ('(')
  e - an empty uncursed bag of holding
  i - a +0 pick-axe

Kwijibo4686 the Valkyrie's attributes:

Background:
 You were a Skirmisher, a level 4 human Valkyrie.
 You were neutral, on a mission for Odin
 who was opposed by Tyr (lawful) and Loki (chaotic).
 You were right-handed.
 You were in the Gnomish Mines, on level 4.
 You entered the dungeon 1032 turns ago.
 It was the midnight hour.
 You had 147 experience points, 13 more were needed to attain level 5.

Basics:
 You had 0 out of 42 hit points.
 You had 9 out of 10 energy points (spell power).
 Your armor class was 6.
 Your wallet contained 45 zorkmids.
 Autopickup was on for '$?!/="' plus thrown.

Final Characteristics:
 Your strength was 18 (limit:18/100).
 Your dexterity was 12 (limit:18).
 Your constitution was 16 (limit:18).
 Your intelligence was 8 (limit:18).
 Your wisdom was 9 (limit:18).
 Your charisma was 12 (limit:18).

Final Status:
 You weren't hungry.
 You were unencumbered.
 You were wielding a spear.
 You had basic skill with spear.

Final Attributes:
 You were devoutly aligned.
 You were cold resistant.
 You were stealthy.
 You are dead.

Miscellaneous:
 You didn't encounter any bones levels.
 Total elapsed playing time was 9 minutes and 57 seconds.

Major events:
 Turn
    1: Kwijibo4686 the neutral human Valkyrie entered the dungeon
  644: attained the rank of Skirmisher (level 3)
  755: entered the Gnomish Mines
 1032: killed by a rabid rat

You didn't know any spells.

Skills:
 Fighting Skills
   bare handed combat [Unskilled]
   two weapon combat  [Unskilled]
   riding             [Unskilled]
 Weapon Skills
   dagger             [Basic]
   axe                [Unskilled]
   pick-axe           [Unskilled]
   short sword        [Unskilled]
   broadsword         [Unskilled]
   long sword         [Unskilled]
   two-handed sword   [Unskilled]
   saber              [Unskilled]
   hammer             [Unskilled]
   quarterstaff       [Unskilled]
   polearms           [Unskilled]
   spear              [Basic]
   trident            [Unskilled]
   lance              [Unskilled]
   sling              [Unskilled]
 Spellcasting Skills
   attack spells      [Unskilled]
   escape spells      [Unskilled]

Voluntary challenges:
 Character rerolling was not enabled.
 You never genocided any monsters.
 You never polymorphed an object.
 You never changed form.
 You used no wishes.
Achievements:
 You entered a shop.
 You attained the rank of Skirmisher.
 You entered the Gnomish Mines.

 The Dungeons of Doom: levels 1 to 3
    Level 1:
       A fountain, a sink, many trees.
    Level 2:
       A potion shop.
       Stairs down to The Gnomish Mines.
    Level 3:
 The Gnomish Mines: levels 3 to 4
    Level 3:
    Level 4: <- You were here.
       Final resting place for
          you, killed by a rabid rat.


Vanquished creatures:
  a gnome leader
  2 giant ants
  a dwarf
  a giant bat
  a coyote
  a gas spore
  a hobbit
  2 giant rats
  a red mold
  5 gnomes
  3 jackals
  a fox
  2 kobolds
  a sewer rat
  3 grid bugs
  4 lichens
  3 newts
33 creatures vanquished.

No species were genocided or became extinct.

Game over:
                       ----------
                      /          \
                     /    REST    \
                    /      IN      \
                   /     PEACE      \
                  /                  \
                  |   Kwijibo4686    |
                  |      45 Au       |
                  |   killed by a    |
                  |    rabid rat     |
                  |                  |
                  |                  |
                  |       2026       |
                 *|     *  *  *      | *
        _________)/\\_//(\/(/\)/\//\/|_)_______

Farvel Kwijibo4686 the Valkyrie...

You died in The Gnomish Mines on dungeon level 4 with 779 points,
and 45 pieces of gold, after 1032 moves.
You were level 4 with a maximum of 42 hit points when you died.

